 Dungeon Crawl Stone Soup version 0.28-a0-1213-g0243856f03 (webtiles) character file.

Game seed: 12301706095556122237

8353 jtrev the Bludgeoner (level 11, -2/66 HPs)
             Began as a Gargoyle Berserker on Dec 21, 2021.
             Was an Elder of Trog.
             Slain by an orc warrior (9 damage)
             ... on level 10 of the Dungeon on Dec 22, 2021.
             The game lasted 00:29:44 (10101 turns).

jtrev the Bludgeoner (Gargoyle Berserker)          Turns: 10101, Time: 00:29:44

Health: -2/66      AC: 18    Str: 25    XL:     11   Next: 29%
Magic:  11/11      EV: 11    Int:  8    God:    Trog [****..]
Gold:   400        SH:  0    Dex:  9    Spells: 10/10 levels left

rFire   . . .      SeeInvis +   h - +1 demon whip (drain)
rCold   . . .      Faith    .   (no shield)
rNeg    + . .      Spirit   .   J - +3 ring mail
rPois   ∞          Reflect  .   (no helmet)
rElec   +          Harm     .   C - +0 cloak {Will+}
rCorr   .          Rampage  .   (no gloves)
Will    +++..                   (no boots)
Stlth   ..........              e - amulet of regeneration
HPRegen 2.01/turn               z - ring of see invisible
MPRegen 0.12/turn               (no ring)

@: mighty, strong-willed, on berserk cooldown, regenerating, slowed, very slow
A: sickness immunity, AC +8, negative energy resistance 1, electricity
resistance, torment resistance 1, petrification resistance
a: Renounce Religion, Berserk, Trog's Hand, Brothers in Arms


You were on level 10 of the Dungeon.
You worshipped Trog.
Trog was greatly pleased with you.
You visited 2 branches of the dungeon, and saw 11 of its levels.

You collected 542 gold pieces.
You spent 142 gold pieces at shops.

Inventory:

Hand Weapons
 h - a +1 demon whip of draining (weapon)
   (You found it on level 9 of the Dungeon)
Missiles
 n - a throwing net (quivered) {!f}
Armour
 C - a +0 cloak of willpower (worn)
   (You took it off Crazy Yiuf on level 5 of the Dungeon)
 D - a +0 chain mail
   (You found it on level 5 of the Dungeon)
 H - a +0 pair of gloves
   (You found it on level 9 of the Dungeon)
 J - a +3 ring mail (worn)
   (You took it off an orc on level 8 of the Dungeon)
 K - the +3 ring mail "Hexug" {Int+2 Dex+2}
   (You found it on level 9 of the Dungeon)

   Int:       It affects your intelligence (+2).
   Dex:       It affects your dexterity (+2).
Jewellery
 e - an amulet of regeneration (around neck)
   (You found it on level 1 of the Dungeon)
 z - a ring of see invisible (left hand)
   (You found it on level 1 of the Dungeon)
Wands
 d - a wand of iceblast (13)
   (You took it off Pikel on level 5 of the Dungeon)
 u - a wand of paralysis (8)
   (You found it on level 3 of the Dungeon)
 x - a wand of acid (4)
   (You found it on level 6 of the Dungeon)
 A - a wand of polymorph (6)
   (You found it on level 5 of the Dungeon)
Scrolls
 a - 4 scrolls of magic mapping {unknown}
 b - 6 scrolls of identify {unknown}
 c - 3 scrolls of fog {unknown}
 f - 2 scrolls of noise {unknown}
 g - 2 scrolls of acquirement {unknown}
 k - 2 scrolls of torment {unknown}
 l - 3 scrolls of vulnerability {unknown}
 m - a scroll of brand weapon {unknown}
 o - a scroll of holy word {unknown}
 p - 2 scrolls of enchant weapon {unknown}
 q - 4 scrolls of teleportation {unknown}
 s - 2 scrolls of immolation {unknown}
 t - 2 scrolls of summoning {unknown}
 y - a scroll of fear {unknown}
 E - a scroll of blinking {unknown}
 F - a scroll of silence {unknown}
 L - a scroll of amnesia {unknown}
Potions
 i - a potion of flight {unknown}
 j - a potion of lignification {unknown}
 r - a potion of cancellation {unknown}
 v - a potion of degeneration {unknown}
 w - a potion of might
 B - a potion of mutation {unknown}
 G - 2 potions of haste {unknown}
 I - a potion of resistance {unknown}


   Skills:
 * Level 6.8 Fighting
 - Level 15.4 Maces & Flails
 + Level 4.6 Armour
 + Level 3.4 Dodging


You had 10 spell levels left.
You didn't know any spells.
Your spell library was empty.

Dungeon Overview and Level Annotations

Branches:
Dungeon (10/15)            Temple (1/1) D:4            Lair (0/6) D:9
    Orc: D:9-12

Altars:
Ashenzari
Cheibriados
Dithmenos
Elyvilon
Fedhas
Gozag
Hepliaklqana
Kikubaaqudgha
Makhleb
Nemelex Xobeh
Okawaru
Qazlal
Ru
Sif Muna
Trog
Uskayaw
Vehumet
Wu Jian
Xom
Yredelemnul
Zin
The Shining One

Shops:
D:4 (

Annotations:
D:3 2 transporters, siradein's ghost, amateur DrSu


Innate Abilities, Weirdness & Mutations

You are immune to sickness and miasma.
Your stone body is resilient. (AC +8)
You are immune to poison.
You resist negative energy. (rN+)
You are resistant to electric shocks. (rElec)
You are resistant to unholy torment.
You are immune to petrification.


Message History

You kill the orc priest!
Trog accepts your kill.
You closely miss the orc. The orc closely misses you.
The orc warrior completely misses you. The orc warrior closely misses you.
You thrash the orc!!
You kill the orc!
Trog accepts your kill.
You thrash the orc!!
You kill the orc!
Trog accepts your kill.
You are no longer berserk.
You are exhausted.
You feel yourself slow down. The orc hits you but does no damage.
Your ogre goes berserk!
The orc warrior hits you from afar with a +0 glaive!
* * * LOW HITPOINT WARNING * * *
The orc warrior closely misses you. The orc hits you but does no damage. x2
The orc barely misses you. The orc hits you but does no damage.
The orc warrior barely misses you.
The orc warrior hits you from afar with a +0 glaive!
* * * LOW HITPOINT WARNING * * *
The orc barely misses you.
The orc barely misses something.
The orc warrior hits something with a +0 glaive!!
You see here a +0 hand axe.
Your skin crawls.
You feel strong-willed.
You hear a shout!
The orc closely misses you.
The orc hits something with a +0 short sword.
The orc warrior hits something with a +0 glaive!
The orc warrior hits you but does no damage.
The orc hits you with a +0 dagger.
* * * LOW HITPOINT WARNING * * *
The orc hits you but does no damage.
The orc hits something with a +0 short sword.
The orc hits you but does no damage.
The orc warrior hits you from afar with a +0 glaive!
* * * LOW HITPOINT WARNING * * *
You barely miss the orc. The orc hits you but does no damage.
Unknown command.
You barely miss the orc. The orc hits you but does no damage.
The orc warrior hits you from afar with a +0 glaive!
* * * LOW HITPOINT WARNING * * *
The orc hits you but does no damage.
It was a potion of might.
You feel very mighty all of a sudden. The orc hits you but does no damage. x2
The orc warrior hits you from afar with a +0 glaive!
You die...

......# ......# #######
# ## #8 ##8# ...#...##
........## ......o)o#
......ooo#####
...#..§#@o...#
##O##.....#
################...#.##
..................##..##
........>.........#....#
.......................#
..............#.....#.##
........<..#.......####
..........##.#.......#


You could see 2 orc warriors and 4 orcs.

Vanquished Creatures
  2 two-headed ogres
  Pikel (D:5)
  An ugly thing (D:9)
  A komodo dragon (D:10)
  A troll (D:10)
  2 wraiths
  7 yaks
  3 steam dragons
  2 acid dragons
  A water moccasin (D:9)
  2 ice beasts
  2 sky beasts
  An ogre (D:5)
  A black bear (D:5)
  7 orc warriors
  2 centaurs (D:8)
  2 lemures (D:5)
  5 phantoms
  2 kobold brigands
  4 scorpions
  2 bullfrogs (D:9)
  A gnoll sergeant (D:5)
  9 killer bees
  2 water moccasin skeletons
  2 centaur zombies (D:8)
  Crazy Yiuf (D:5)
  2 hounds
  6 orc priests
  A gnoll shaman (D:8)
  2 centaur skeletons
  4 iguanas
  2 scorpion zombies (D:5)
  6 orc wizards
  2 howler monkey zombies
  17 gnolls
  9 adders
  A shadow imp (D:6)
  An adder zombie (D:5)
  A worm (D:4)
  5 dart slugs
  23 orcs
  6 bats
  6 endoplasms
  2 giant cockroaches
  8 goblins
  7 hobgoblins
  4 jackals (D:4)
  4 quokkas
  10 ball pythons
  4 frilled lizards
  22 kobolds
  9 rats
  2 bushes (D:8)
232 creatures vanquished.

Vanquished Creatures (others)
  An orc (D:8)
  A bush (D:8)
  A fungus (D:9)
  6 plants (D:9)
9 creatures vanquished.

Grand Total: 241 creatures vanquished

Notes
Turn   | Place    | Note
-------+----------+-------------------------------------------
     0 | D:1      | jtrev the Gargoyle Berserker began the quest for the Orb.
     0 | D:1      | Reached XP level 1. HP: 14/14 MP: 1/1
   249 | D:1      | Reached XP level 2. HP: 13/19 MP: 2/2
   752 | D:1      | Found a faded altar of an unknown god.
   756 | D:1      | Reached skill level 4 in Maces & Flails
   912 | D:1      | Reached XP level 3. HP: 23/23 MP: 3/3
   926 | D:1      | Reached ** piety under Trog
  1660 | D:1      | Reached XP level 4. HP: 26/28 MP: 4/4
  1671 | D:2      | Reached skill level 5 in Maces & Flails
  1761 | D:2      | Found a snail-covered altar of Cheibriados.
  2075 | D:3      | Found a transporter.
  2078 | D:3      | Noticed siradein's ghost (amateur DrSu)
  2169 | D:3      | Found a transporter.
  2177 | D:3      | Reached XP level 5. HP: 32/32 MP: 5/5
  2448 | D:3      | Reached skill level 6 in Maces & Flails
  2827 | D:4      | Reached *** piety under Trog
  2828 | D:4      | Reached XP level 6. HP: 37/37 MP: 6/6
  2835 | D:4      | Reached skill level 7 in Maces & Flails
  3003 | D:4      | Found a glowing silver altar of Zin.
  3080 | D:4      | Found a staircase to the Ecumenical Temple.
  3352 | D:4      | Found Uxtomp's Weapon Boutique.
  3356 | D:4      | Bought a +1 morningstar of holy wrath for 142 gold pieces
  3419 | D:4      | Found a hazy altar of Hepliaklqana.
  3699 | D:4      | Found a bloodstained altar of Trog.
  3735 | D:4      | Identified the +5 dagger of Valuable Assets {vorpal, rC-
                  | rCorr Dex+4}
  3957 | D:5      | Entered Level 5 of the Dungeon
  3983 | Temple   | Entered the Ecumenical Temple
  4307 | D:5      | Found a hide-covered altar of Uskayaw.
  4308 | D:5      | Noticed a sky beast
  4326 | D:4      | Killed a sky beast
  4327 | D:4      | Reached XP level 7. HP: 41/41 MP: 7/7
  4438 | D:5      | Reached skill level 8 in Maces & Flails
  4748 | D:5      | Found a runed translucent door.
  4749 | D:5      | Noticed Crazy Yiuf
  4830 | D:5      | Reached skill level 9 in Maces & Flails
  4862 | D:5      | Reached XP level 8. HP: 21/46 MP: 8/8
  4912 | D:5      | Found a burning altar of Makhleb.
  5024 | D:5      | Reached skill level 10 in Maces & Flails
  5215 | D:5      | Noticed Pikel
  5229 | D:5      | Killed Pikel
  5230 | D:5      | Reached skill level 11 in Maces & Flails
  5307 | D:5      | Reached XP level 9. HP: 49/51 MP: 9/9
  5497 | D:5      | Killed Crazy Yiuf
  5812 | D:6      | Reached skill level 12 in Maces & Flails
  6103 | D:6      | Reached **** piety under Trog
  6879 | D:7      | Reached skill level 13 in Maces & Flails
  7775 | D:8      | Found a white marble altar of Elyvilon.
  7815 | D:8      | Noticed a two-headed ogre
  7841 | D:8      | Killed a two-headed ogre
  7842 | D:8      | Reached skill level 14 in Maces & Flails
  7842 | D:8      | Reached XP level 10. HP: 56/56 MP: 10/10
  7986 | D:8      | Found a blossoming altar of Fedhas.
  7986 | D:8      | Found a shimmering blue altar of Sif Muna.
  8199 | D:8      | Reached skill level 15 in Maces & Flails
  8957 | D:9      | Found a staircase to the Lair.
  9214 | D:9      | Noticed a purple ugly thing
  9236 | D:9      | Killed a purple ugly thing
  9268 | D:9      | Noticed a two-headed ogre
  9279 | D:9      | Killed a two-headed ogre
  9280 | D:9      | Reached skill level 5 in Fighting
  9280 | D:9      | Reached XP level 11. HP: 64/64 MP: 11/11
  9298 | D:9      | Identified the +3 ring mail "Hexug" {Int+2 Dex+2}
  9523 | D:10     | Entered Level 10 of the Dungeon
  9689 | D:10     | Found an opulent altar of Gozag.
  9728 | D:10     | Found a radiant altar of Vehumet.
  9903 | D:10     | Found an ornate altar of the Wu Jian Council.
  9982 | D:10     | Found a glowing golden altar of the Shining One.
  9984 | D:10     | Noticed an angel
 10002 | D:10     | Found a basalt altar of Yredelemnul.
 10101 | D:10     | Slain by an orc warrior

Illustrated notes

Levels and vault maps discovered:
D:1:      erik_arrival_cave_to_civilisation [erik_arrival_cave_to_hall],
          layout_basic, shapermc_ecumenical_altar_mp_highgroup
D:2:      layout_rooms, basic_altar
D:3:      layout_loops_ring, gammafunk_ghost_stat_death, grunt_ministairs_1,
          chequers_serial_rivers_room_a
D:4:      layout_layer_cave, trog_hazing_becter,
          worldfamousw_hep_ancestral_shrine, mainiacjoe_overflow_chevrons,
          minmay_temple_entry_statues_fountains, serial_shops,
          nicolae_shop_trees
D:5:      layout_basic, makhleb_heckhound_becter,
          mainiacjoe_overflow_concentric_impassable, minmay_joined_circles,
          uniq_pikel, uniq_crazy_yiuf_cottage
D:6:      layout_basic
D:7:      layout_layer_cave
D:8:      layout_basic, mainiacjoe_overflow_cross_hatched,
          mainiacjoe_overflow_catch_the_wave, serial_curves, eino_curves_01,
          eino_curves_03, minmay_between
D:9:      layout_irregular_city, dpeg_oklobed_lair, kennysheep_generic_room_13
D:10:     layout_cave_pools, grunt_temple_overflow_holy_war,
          grunt_gozag_breadcrumbs, nicolae_wu_jian_immortal_techniques,
          mainiacjoe_overflow_alcove_1, david_orc_4
Temple:   compressed_dpeg_triangle_lava_temple

Skill      XL: |  1  2  3  4  5  6  7  8  9 10 11 |
---------------+----------------------------------+-----
Maces & Flails | 4 5 6 7 9 11 14 15 | 15.4
Fighting       | 5 6 |  6.8
Dodging        | 2 3 |  3.4
Armour         | 3 4 |  4.6

Action                   |  1- 3 |  4- 6 |  7- 9 | 10-12 || total
-------------------------+-------+-------+-------+-------++-------
Melee: Mace              |   103 |   204 |   340 |   129 ||   776
       Demon whip        |       |       |       |   167 ||   167
       Morningstar       |       |       |       |     2 ||     2
Invok: Berserk           |     1 |     4 |     6 |     6 ||    17
       Trog's Hand       |       |       |       |     2 ||     2
       Brothers in Arms  |       |       |       |     2 ||     2
  Use: Potion            |       |       |       |     1 ||     1
Armor: Animal skin       |    35 |    11 |       |       ||    46
       Leather armour    |       |    73 |   136 |    37 ||   246
       Ring mail         |       |       |       |    79 ||    79
Dodge: Dodged            |    65 |   151 |   175 |   114 ||   505

Table legend: (Time is in decaauts)
 A = Elapsed time spent in this place.
 B = Non-inter-level travel time spent in this place.
 C = Inter-level travel time spent in this place.
 D = Time resting spent in this place.
 E = Time spent auto-exploring this place.
 F = Levels seen in this place.
 G = Mean time per level.
                   A        B        C        D        E       F      G
               +--------+--------+--------+--------+--------+-----+--------+
         Total |  10122 |   9199 |    923 |    794 |   6308 |  11 |  920.2 |
       Dungeon |   9816 |   8905 |    911 |    794 |   6022 |  10 |  981.6 |
        Temple |    305 |    293 |     12 |      0 |    286 |   1 |  305.0 |
               +--------+--------+--------+--------+--------+-----+--------+

Top non-repeatable levels by time:
     D:1: 1672 daAuts
     D:5: 1536 daAuts
     D:4: 1418 daAuts
     D:8: 1075 daAuts
     D:6: 861 daAuts
     D:9: 855 daAuts
     D:7: 769 daAuts
     D:3: 710 daAuts
    D:10: 481 daAuts
     D:2: 435 daAuts
  Temple: 305 daAuts
